 Dungeon Crawl Stone Soup version 0.31.0-9-g3a7656b989 (console) character file.

Game seed: 16100144898686497829

14322504 AlterAsc the Middleweight Champion (level 27, 224/224 HPs)
             Began as an Octopode Shapeshifter on Feb 6, 2024.
             Was an Initiate of Gozag.
             Escaped with the Orb
             ... and 15 runes on Feb 7, 2024!
             The game lasted 06:19:05 (110596 turns).

AlterAsc the Middleweight Champion (OpSh)         Turns: 110596, Time: 06:19:06

Health: 224/224    AC:  5    Str: 34    XL:     27
Magic:  39/39      EV: 42    Int: 10    God:    Gozag
Gold:   3049       SH: 34    Dex: 19    Spells: 50/50 levels left

rFire   + +          +
                       - Unarmed
rCold   + + +        g - +8 tower shield {rC+}
rNeg    + + +        (helmet restricted)
rPois   ∞            H - amulet of Vitality {RegenMP++ Regen++}
rElec   +            F - +5 ring of evasion
rCorr   +            f - ring of Cynicism {Will+ Int-3 Dex+6}
SInv    +            h - ring of Kyqid {Will+ Dex+2}
Will    +++++        A - ring of Bew Galo {Str+6 SInv}
Stlth   +++          e - ring "Vesk" {Will+ Slay+5}
HPRegen 2.17/turn    T - ring "Qecodwut" {rPois rF++ rC+ EV+5 Dex-2}
MPRegen 1.06/turn    G - ring "Edereuc" {^Contam Fly rF+++ rC+ rCorr}
                     k - ring of the Gloaming {rC+ AC+4 Str+3}

%: no passive effects
@: death-form, flying, studying 4 skills
A: vile attack, torment immunity, no potions, almost no armour, amphibious, 8
rings, camouflage 1, gelatinous body 1, (nimble swimmer 1), tentacles, evolution
1, MP-powered wands
0: Orb of Zot
}: 15/15 runes: decaying, serpentine, slimy, silver, golden, iron, obsidian,
icy, bone, abyssal, demonic, glowing, magical, fiery, dark
a: Siphon Essence, Begin Untransformation, Renounce Religion, Evoke Blink,
Potion Petition, Call Merchant, Bribe Branch


You escaped.
You worshipped Gozag.
Gozag was most pleased with you.
You were an undying horror.
You visited 18 branches of the dungeon, and saw 88 of its levels.
You visited Pandemonium 1 time, and saw 23 of its levels.
You visited the Abyss 5 times.
You visited 1 bazaar.
You also visited: Trove, Sewer and Ice Cave.

You collected 57047 gold pieces.
You spent 11778 gold pieces at shops.
You paid 42220 gold pieces to Gozag.

Inventory:

Armour
 g - a +8 tower shield of cold resistance (worn)
 y - the orb of Dispater {+Damnation *Corrode AC+5}
   (You took it off Dispater on level 7 of the Iron City of Dis)

   +Damnation: It grants the ability to hurl damnation at the cost of health and
   magic, with strength depending on Evocations skill.
   AC+5:      It affects your AC (+5).
   *Corrode:  It may corrode you when you take damage.
Jewellery
 e - the ring "Vesk" (on tentacle) {Will+ Slay+5}
   (You bought it in a shop on level 2 of the Swamp)

   [ring of willpower]

   Slay+5:    It affects your accuracy & damage with ranged weapons and melee
   (+5).
   Will+:     It increases your willpower.
 f - the ring of Cynicism (right tentacle) {Will+ Int-3 Dex+6}
   (You found it on level 3 of the Tomb of the Ancients)

   [ring of willpower]

   Int-3:     It affects your intelligence (-3).
   Dex+6:     It affects your dexterity (+6).
   Will+:     It increases your willpower.
 h - the ring of Kyqid (on tentacle) {Will+ Dex+2}
   (You acquired it on level 3 of the Dungeon)

   [ring of willpower]

   Dex+2:     It affects your dexterity (+2).
   Will+:     It increases your willpower.
 k - the ring of the Gloaming (on tentacle) {rC+ AC+4 Str+3}
   (You bought it in a shop on level 2 of the Lair of Beasts)

   [ring of protection]

   AC+4:      It affects your AC (+4).
   Str+3:     It affects your strength (+3).
   rC+:       It protects you from cold.
 A - the ring of Bew Galo (on tentacle) {Str+6 SInv}
   (You acquired it on level 13 of the Dungeon)

   [ring of strength]

   Str+6:     It affects your strength (+6).
   SInv:      It lets you see invisible.
 F - a +5 ring of evasion (left tentacle)
 G - the ring "Edereuc" (on tentacle) {^Contam Fly rF+++ rC+ rCorr}
   (You bought it in a shop on level 1 of the Realm of Zot)

   [ring of protection from cold]

   rF+++:     It renders you almost immune to fire.
   rC+:       It protects you from cold.
   Fly:       It grants you flight.
   ^Contam:   It causes magical contamination when unequipped.
   rCorr:     It protects you from acid and corrosion.
 H - the amulet of Vitality (around mantle) {RegenMP++ Regen++}
   (You found it on level 5 of the Vaults)

   [amulet of magic regeneration]

   RegenMP:   It increases your rate of magic regeneration.
   Regen++:   It increases your rate of health regeneration.
 T - the ring "Qecodwut" (on tentacle) {rPois rF++ rC+ EV+5 Dex-2}
   (You bought it in a shop on level 1 of the Depths)

   [ring of evasion]

   EV+5:      It affects your evasion (+5).
   Dex-2:     It affects your dexterity (-2).
   rF++:      It greatly protects you from fire.
   rC+:       It protects you from cold.
   rPois:     It protects you from poison
 U - the ring of Kuovagh {rElec rPois Will+ Str+3}
   (You found it on level 5 of the Pits of Slime)

   [ring of poison resistance]

   Str+3:     It affects your strength (+3).
   rElec:     It insulates you from electricity.
   rPois:     It protects you from poison Will+: It increases your willpower.
 W - the ring "Egeorph Oluq" {rPois rN+ rCorr}
   (You acquired it on level 11 of the Dungeon)

   [ring of poison resistance]

   rPois:     It protects you from poison rN+: It protects you from negative
   energy.
   rCorr:     It protects you from acid and corrosion.
 Y - the amulet "Serphastru" {Reflect rElec SH+5}
   (You bought it in a shop on level 2 of the Lair of Beasts)

   [amulet of reflection]

   Reflect:   It reflects blocked missile attacks.
   rElec:     It insulates you from electricity.
   SH+5:      It affects your SH (+5).
Talismans
 b - a dragon-blood talisman
 p - the death talisman of Precision Catastrophes (active) {+Blink rElec rC- SInv}
   (You bought it in a shop on level 12 of the Dungeon)

   [talisman of death]

   rC-:       It makes you vulnerable to cold.
   rElec:     It insulates you from electricity.
   SInv:      It lets you see invisible.
   +Blink:    It lets you blink.
 I - a storm talisman
Wands
 c - a wand of quicksilver (68)
 r - a wand of digging (28)
 C - a wand of polymorph (32)
 J - a wand of paralysis (115)
 M - a wand of roots (106)
Scrolls
 a - 4 scrolls of silence
 d - 10 scrolls of fog
 i - 6 scrolls of enchant armour
 l - 12 scrolls of amnesia
 o - 5 scrolls of revelation
 q - 10 scrolls of vulnerability
 s - 7 scrolls of torment
 B - 6 scrolls of fear
 E - 7 scrolls of blinking
 L - 6 scrolls of poison
 N - 11 scrolls of immolation
 Q - 31 scrolls of teleportation
 X - 49 scrolls of identify
Potions
 j - 6 potions of magic
 m - 7 potions of brilliance
 n - 12 potions of enlightenment
 t - 7 potions of cancellation
 u - 9 potions of resistance
 v - 19 potions of heal wounds
 w - 8 potions of invisibility
 z - 10 potions of ambrosia
 D - 12 potions of attraction
 K - 6 potions of haste
 O - 5 potions of berserk rage
 P - 7 potions of mutation
 R - 26 potions of curing
 V - 10 potions of might
 Z - 7 potions of lignification
Miscellaneous
 x - a figurine of a ziggurat
 S - a phantom mirror (inert)


   Skills:
 O Level 27 Fighting
 O Level 27 Dodging
 + Level 21.6 Stealth
 O Level 27 Shields
 O Level 27 Unarmed Combat
 - Level 12.0 Spellcasting
 O Level 27 Evocations
 O Level 27 Shapeshifting


You had 50 spell levels left.
You didn't know any spells.
Your spell library contained the following spells:

 Spells                   Type           Power      Damage    Failure   Level
 Apportation              Tloc           12%        N/A       11%         1
 Foxfire                  Conj/Fire      24%        2x1d5     11%         1
 Kiss of Death            Conj/Necr      24%        2d7       11%         1
 Magic Dart               Conj           24%        1d4       11%         1
 Necrotise                Necr           24%        1d5       11%         1
 Sandblast                Erth           12%        2d6       11%         1
 Shock                    Conj/Air       24%        1d4       11%         1
 Slow                     Hex            24%        N/A       11%         1
 Sting                    Conj/Alch      24%        1d4       11%         1
 Summon Small Mammal      Summ           24%        N/A       11%         1
 Blink                    Tloc           12%        N/A       17%         2
 Call Imp                 Summ           12%        N/A       17%         2
 Cigotuvi's Dreadful Rot  Necr/Alch/Air  12%        N/A       17%         2
 Ensorcelled Hibernation  Hex/Ice        12%        N/A       17%         2
 Jinxbite                 Hex            12%        N/A       17%         2
 Lesser Beckoning         Tloc           12%        N/A       17%         2
 Mercury Vapours          Alch/Air       12%        N/A       17%         2
 Momentum Strike          Conj/Tloc      12%        3d8       17%         2
 Scorch                   Fire           12%        2d5       17%         2
 Searing Ray              Conj           12%        2d4       17%         2
 Static Discharge         Conj/Air       12%        3-4/arc   17%         2
 Sublimation of Blood     Necr           6%         N/A       17%         2
 Call Canine Familiar     Summ           6%         N/A       32%         3
 Confusing Touch          Hex            6%         N/A       32%         3
 Dazzling Flash           Conj/Hex       12%        N/A       32%         3
 Frozen Ramparts          Ice            12%        1d2       32%         3
 Fugue of the Fallen      Necr           6%         N/A       32%         3
 Gell's Gravitas          Tloc           6%         N/A       32%         3
 Hailstorm                Conj/Ice       6%         3d5       32%         3
 Inner Flame              Hex/Fire       6%         N/A       32%         3
 Mephitic Cloud           Conj/Alch/Air  6%         N/A       32%         3
 Ozocubu's Armour         Ice            6%         N/A       32%         3
 Passwall                 Erth           6%         N/A       32%         3
 Sigil of Binding         Hex            6%         N/A       32%         3
 Stone Arrow              Conj/Erth      12%        3d7       32%         3
 Summon Ice Beast         Ice/Summ       6%         N/A       32%         3
 Swiftness                Air            6%         N/A       32%         3
 Teleport Other           Tloc           6%         N/A       32%         3
 Tukima's Dance           Hex            6%         N/A       32%         3
 Vampiric Draining        Necr           6%         2d6       32%         3
 Airstrike                Air            3%         2d(1-17)  73%         4
 Anguish                  Hex/Necr       3%         N/A       73%         4
 Brom's Barrelling Bould  Conj/Erth      6%         2d3       73%         4
 Cause Fear               Hex            3%         N/A       73%         4
 Dimensional Bullseye     Hex/Tloc       3%         N/A       73%         4
 Dispel Undead            Necr           6%         3d8       73%         4
 Flame Wave               Conj/Fire      6%         2d5       73%         4
 Fulminant Prism          Conj/Alch      3%         3d5       73%         4
 Ignite Poison            Fire/Alch      6%         N/A       73%         4
 Leda's Liquefaction      Alch/Erth      3%         N/A       73%         4
 Martyr's Knell           Necr/Summ      6%         N/A       73%         4
 Olgreb's Toxic Radiance  Alch           6%         N/A       73%         4
 Passage of Golubria      Tloc           6%         N/A       73%         4
 Petrify                  Alch/Erth      6%         N/A       73%         4
 Sticky Flame             Fire/Alch      6%         2d4       73%         4
 Summon Blazeheart Golem  Fire/Summ      6%         N/A       73%         4
 Summon Lightning Spire   Summ/Air       6%         N/A       73%         4
 Vhi's Electric Charge    Tloc/Air       12%        N/A       73%         4
 Alistair's Intoxication  Alch           4%         N/A       97%         5
 Arcjolt                  Conj/Air       3%         1d13      97%         5
 Borgnjor's Vile Clutch   Necr/Erth      3%         N/A       97%         5
 Curse of Agony           Necr           6%         N/A       97%         5
 Fireball                 Conj/Fire      3%         3d4       97%         5
 Freezing Cloud           Conj/Ice/Air   3%         6-21      97%         5
 Irradiate                Conj/Alch      3%         3d12      97%         5
 Iskenderun's Battlesphe  Conj           6%         2d6       97%         5
 Metabolic Englaciation   Hex/Ice        3%         N/A       97%         5
 Silence                  Hex/Air        3%         N/A       97%         5
 Summon Forest            Summ/Tloc      3%         N/A       97%         5
 Yara's Violent Unravell  Hex/Alch       3%         3d4       97%         5
 Bombard                  Conj/Erth      3%         9d1       100%        6
 Conjure Ball Lightning   Conj/Air       3%         3x3d6     100%        6
 Death Channel            Necr           3%         N/A       100%        6
 Eringya's Noxious Bog    Alch           3%         4d6       100%        6
 Sculpt Simulacrum        Ice/Alch       3%         N/A       100%        6
 Starburst                Conj/Fire      3%         6d3       100%        6
 Summon Cactus Giant      Summ           3%         N/A       100%        6
 Enfeeble                 Hex            3%         N/A       100%        7
 Haunt                    Necr/Summ      3%         N/A       100%        7
 Orb of Destruction       Conj           3%         9d5       100%        7
 Ozocubu's Refrigeration  Ice            3%         4d8       100%        7
 Spellforged Servitor     Conj/Summ      3%         N/A       100%        7
 Summon Hydra             Summ           3%         N/A       100%        7
 Borgnjor's Revivificati  Necr           3%         N/A       100%        8
 Discord                  Hex            3%         N/A       100%        8
 Ignition                 Fire           3%         3d4       100%        8
 Infestation              Necr           3%         N/A       100%        8
 Lehudib's Crystal Spear  Conj/Erth      3%         10d2      100%        8
 Maxwell's Capacitive Co  Air            3%         ∞         100%        8
 Chain Lightning          Conj/Air       3%         3d4       100%        9
 Death's Door             Necr           3%         N/A       100%        9
 Dragon's Call            Summ           3%         N/A       100%        9
 Polar Vortex             Ice            3%         N/A       100%        9
 Animate Dead             Necr           Unusable   N/A       N/A         4

Dungeon Overview and Level Annotations

Branches:
Dungeon (15/15)            Temple (1/1) D:7            Lair (5/5) D:9
  Swamp (4/4) Lair:2        Snake (4/4) Lair:2        Slime (5/5) Lair:4
    Orc (2/2) D:11            Elf (3/3) Orc:2        Vaults (5/5) D:13
  Crypt (3/3) Vaults:2       Tomb (3/3) Crypt:3      Depths (4/4) D:15
   Hell (visited)             Dis (7/7) Hell            Geh (7/7) Hell
    Coc (7/7) Hell            Tar (7/7) Hell            Zot (5/5) Depths:4
  Sewer (visited)           IceCv (visited)

Altars:
Ashenzari
Cheibriados
Dithmenos
Elyvilon
Fedhas
Gozag
Hepliaklqana
Kikubaaqudgha
Makhleb
Nemelex Xobeh
Okawaru
Qazlal
Ru
Sif Muna
Trog
Uskayaw
Vehumet
Wu Jian
Xom
Yredelemnul
Zin
The Shining One
Jiyva

Shops:
D:11 :   D:12 ==   D:14 (   Orc:2 :!:?   Elf:2 (   Elf:3 =   Lair:1 ?
Lair:2 =   Swamp:2 =*   Swamp:4 *   Snake:1 ?   Vaults:1 *   Vaults:2 !
Vaults:5 [   Dis:7 ?==   Zot:1 =!=*   Depths:1 =

Portals:
Hell: Depths:1 Depths:2 Depths:3 Depths:4
Abyss: D:12 Depths:2 Depths:3 Depths:4
Pandemonium: Depths:2 Depths:4
Ziggurat: Depths:1

Annotations:
Depths:4 4 transporters, 3 runed translucent doors, Ushuvveu's ghost, legendary MiBe
Tar:4 1 runed translucent door
Zot:1 2 transporters, exclusion: obsidian statue


Innate Abilities, Weirdness & Mutations

You are an undying horror.
Your melee and unarmed attacks drain, slow and weaken victims.
You are immune to unholy pain and torment.
You cannot drink.
You are immune to poison.
You cannot wear most types of armour.
You are amphibious.
You can wear up to eight rings at the same time.
Your skin changes colour to match your surroundings (Stealth+).
Your rubbery body absorbs attacks. (AC +1, EV +1)
((You are camouflaged when in or above water. (Stealth+)))
You have tentacles for arms and can constrict up to eight enemies at once.
You have hidden genetic potential.
You expend magic power (3 MP) to strengthen your wands.


Message History

No target in view!
(D) Dungeon (T) Temple (L) Lair (S) Swamp (P) Snake Pit (M) Slime Pits (O) Orcish Mines (E) Elven Halls (V) Vaults (C) Crypt (W) Tomb (U) Depths (H) Hell (I) Dis (G) Gehenna (X) Cocytus (Y) Tartarus (Z) Zot
Where to? (Tab/Enter - D:1, ? - help)
You now have 3037 gold pieces (gained 9).
There is a stone staircase leading up here.
You fly upwards.
There is a stone staircase leading down here.
There is a stone staircase leading up, spattered with blood here.
You fly upwards.
There is a stone staircase leading down here.
You see here a +0 halberd.
There is a stone staircase leading up here.
You fly upwards.
There is a stone staircase leading down here.
(D) Dungeon (T) Temple (L) Lair (S) Swamp (P) Snake Pit (M) Slime Pits (O) Orcish Mines (E) Elven Halls (V) Vaults (C) Crypt (W) Tomb (U) Depths (H) Hell (I) Dis (G) Gehenna (X) Cocytus (Y) Tartarus (Z) Zot
Where to? (Tab/Enter - D:1, ? - help) You're already here!
You see here a +0 club.
An Ice Fiend comes into view.
You barely miss the Ice Fiend. You thrash the Ice Fiend!!!
The Ice Fiend decays.
You tentacle-slap the Ice Fiend!!
The Ice Fiend is almost dead.
You barely miss the Ice Fiend. You tentacle-slap the Ice Fiend!
You kill the Ice Fiend!
You now have 3049 gold pieces (gained 12).
(D) Dungeon (T) Temple (L) Lair (S) Swamp (P) Snake Pit (M) Slime Pits (O) Orcish Mines (E) Elven Halls (V) Vaults (C) Crypt (W) Tomb (U) Depths (H) Hell (I) Dis (G) Gehenna (X) Cocytus (Y) Tartarus (Z) Zot
Where to? (Tab/Enter - D:1 @ (x,y), ? - help)
You see here a +0 scale mail.
There is an open door here.
There is a staircase leading out of the dungeon here.
You have escaped!

####### #.....########
#..8..##.....#
#.....##..z..#
###'#####..#..#
##......##..#..#
#####.......['.....#
.......)....########
######......###########
####.............#
###..########.# ##.#
#.# #.# #.# #.# #.#


There were no monsters in sight!

Vanquished Creatures
  Cerebov (Pan)
  Antaeus (Coc:7)
  Asmodeus (Geh:7)
  Mnoleg (Pan)
  the Royal Jelly (Slime:5)
  Gloorx Vloq (Pan)
  Dissolution (Slime:4)
  Ereshkigal (Tar:7)
  the Serpent of Hell (Geh:7)
  Lom Lobon (Pan)
  14 dread liches
  8 orbs of fire
  Dispater (Dis:7)
  7 ancient liches
  25 royal mummies
  the Lernaean hydra (Swamp:4)
  Bai Suzhen (Crypt:3)
  11 shard shrikes
  3 Killer Klowns (Zot:5)
  Saint Roka (Snake:4)
  18 caustic shrikes
  4 curse toes
  Geryon (Hell)
  Vashnia (Snake:4)
  2 golden dragons
  Jory (Vaults:3)
  8 profane servitors
  Norris (Depths:3)
  16 bone dragons
  9 pandemonium lords
  13 Tzitzimimeh
  8 iron giants
  14 doom hounds
  3 electric golems
  The ghost of ongoing the Pannier, an adept MiFi of Nemelex Xobeh (Vaults:1)
  A shard shrike zombie (Abyss:5)
  18 hellephants
  Jorgrun (Snake:3)
  24 Ice Fiends
  13 Brimstone Fiends
  9 Hell Sentinels
  9 tainted leviathans
  3 walking crystal tomes
  26 Orb Guardians
  Grunn (Crypt:3)
  Rupert (D:15)
  21 tentacled monstrosities
  3 deep elf master archers (Elf:3)
  Asterion (Vaults:1)
  19 searing wretches
  A walking divine tome (Abyss:4)
  20 liches
  6 quicksilver dragons
  3 deep elf blademasters
  18 titans
  12 acid blobs
  18 sphinxes
  A walking frostbound tome (Depths:3)
  9 death cobs
  20 tentacled starspawn
  The ghost of Forgeling the Bewitcher, an adept FeEn of Dithmenos (Vaults:1)
  35 ancient champions
  17 storm dragons
  19 Executioners (Pan)
  11 shadow dragons
  Donald (Orc:2)
  14 azure jellies
  6 tengu reavers
  6 draconian monks
  2 daevas
  5 fenstrider witches
  Aizul (Snake:2)
  11 rockslimes
  11 protean progenitors
  8 nagarajas
  8 demonspawn warmongers (Pan)
  7 draconian scorchers
  3 revenants
  33 fire giants
  7 narguns
  5 deep elf elementalists (Elf:3)
  8 draconian knights
  21 frost giants
  6 draconian shifters
  11 quicksilver elementals
  2 spectral juggernauts
  A caustic shrike zombie (Abyss:3)
  4 ghost moths (Zot:5)
  5 iron dragons
  44 balrugs
  17 vault wardens
  2 angels (Abyss:5)
  23 cacodemons
  4 spectral caustic shrikes
  18 reapers
  4 curse skulls
  13 deep elf sorcerers
  14 demonspawn blood saints (Pan)
  5 draconian annihilators
  11 ghouls
  10 shard shrike simulacra
  The ghost of kalagan the Eclecticist, a journeyman DECj of Sif Muna (Elf:2)
  24 ironbound preservers
  10 quicksilver oozes
  5 draconian stormcallers
  10 stone giants
  5 formless jellyfish
  4 juggernaut skeletons (Pan)
  11 demonspawn corrupters (Pan)
  12 green draconians
  8 ironbound thunderhulks
  25 very ugly things
  7 putrid mouths
  12 black draconians
  27 elemental wellsprings
  3 caustic shrike skeletons (Pan)
  28 vampire knights
  5 deep elf annihilators
  14 demonspawn black suns (Pan)
  3 deep elf demonologists
  7 deep elf death magi
  11 wendigos
  4 bennus (Tomb:2)
  13 lorocyprocas
  A spectral titan (Tar:3)
  10 red draconians
  5 eleionomae
  18 yellow draconians
  17 purple draconians
  2 minotaurs (Zot:1)
  4 bunyips
  A halazid warlock (Hell)
  13 dire elephants
  20 white draconians
  5 spark wasps
  18 ettins
  35 war gargoyles
  3 jiangshi
  27 iron golems
  22 blizzard demons
  A quicksilver dragon zombie (Crypt:3)
  5 deep elf high priests
  A merfolk impaler (Depths:2)
  5 eidola
  7 fire dragons
  Josephine (D:13)
  7 green deaths
  An entropy weaver (Vaults:5)
  An entropy weaver (shapeshifter) (Elf:2)
  3 spriggan zombies
  18 mummy priests
  The ghost of Prykner the Carver, a journeyman MiGl of Makhleb (D:12)
  5 hell beasts (Pan)
  5 spectral spriggans
  21 hydras
  12 yaktaur captains
  A spectral tengu (Tar:1)
  12 ice dragons
  45 vault guards
  11 great orbs of eyes
  8 salamander tyrants
  2 peacekeepers
  2 spriggan air magi (Depths:2)
  2 spriggan skeletons
  A fenstrider witch zombie (Crypt:2)
  16 rakshasas
  Harold (Lair:2)
  13 caustic shrike simulacra
  16 centaur warriors
  9 ironbound frosthearts
  11 ogre magi
  8 alligators
  4 death knights
  5 boulder beetles
  3 catoblepae
  A ghost crab (Swamp:2)
  A sphinx zombie (Vaults:3)
  9 juggernaut simulacra
  27 two-headed ogres
  30 dancing weapons
  11 anacondas
  8 death yaks
  A sphinx skeleton (Vaults:2)
  Erica (Lair:1)
  A jorogumo (Pan)
  2 satyrs (Abyss:3)
  9 stokers
  A two-headed ogre (shapeshifter) (Vaults:5)
  8 deep troll earth magi
  11 deep troll shamans
  A spectral stone giant (Tar:1)
  11 vampire magi
  38 hell hogs
  6 demonic crawlers
  16 naga warriors
  4 tengu warriors
  An azure jelly zombie (Crypt:1)
  2 titan zombies
  23 thrashing horrors
  A bennu skeleton (Crypt:3)
  39 death scarabs
  A storm dragon zombie (Crypt:2)
  A shock serpent (shapeshifter) (Depths:2)
  4 shock serpents
  3 occultists
  3 spectral nagas
  7 spriggan berserkers
  7 orc high priests
  6 crystal echidnas
  63 sun demons
  11 naga sharpshooters
  Amaemon (D:8)
  12 hell knights
  6 skysharks
  19 wretched stars
  2 titan skeletons
  The ghost of lilalause the Skirmisher, a novice TeHu of Qazlal (D:9)
  Nergalle (D:11)
  21 deep elf knights
  3 hellephant skeletons (Pan)
  46 skeletal warriors
  38 soul eaters
  A skyshark (shapeshifter) (Vaults:5)
  2 salamander mystics (Snake:2)
  34 sixfirhies
  A spectral anaconda (Tar:3)
  12 iron trolls
  17 shadow wraiths
  5 spatial maelstroms
  A ghost moth zombie (Crypt:3)
  69 deep trolls
  2 bunyip zombies
  4 goliath frogs
  A spectral bunyip (Tar:1)
  8 naga ritualists
  A sea snake (shapeshifter) (Depths:3)
  An anaconda zombie (Crypt:2)
  An obsidian statue (IceCv)
  2 sea snakes (Snake:1)
  29 shadow demons
  14 flayed ghosts
  9 spriggan simulacra
  A deep troll (shapeshifter) (Vaults:5)
  3 orb spiders (Zot:2)
  8 arcanists
  15 mana vipers
  18 swamp dragons
  A spectral iron dragon (Tar:2)
  An anaconda skeleton (Crypt:1)
  15 deep elf archers
  21 ironbound convokers
  A shadow dragon zombie (Crypt:3)
  6 quicksilver dragon simulacra
  9 glowing orange brains
  15 phantasmal warriors
  2 bog bodies (Crypt:3)
  A broodmother zombie (Crypt:2)
  A lindwurm (shapeshifter) (Depths:3)
  4 orc knights
  An orb spider (shapeshifter) (D:15)
  7 sun moths (Pan)
  4 harpies
  7 lindwurms
  A spectral hydra (Tar:2)
  6 orange crystal statues
  30 deep elf pyromancers
  8 necromancers
  23 deep elf zephyrmancers
  2 fire giant zombies (Vaults:2)
  2 stone giant zombies
  77 starcursed masses
  An orc sorcerer (Vaults:5)
  2 wolf spiders (D:14)
  6 cyclopes
  6 manticores
  A shadow dragon skeleton (Crypt:1)
  21 moths of wrath
  27 ugly things
  21 elephants
  4 will-o-the-wisps
  A frost giant zombie (Vaults:2)
  17 salamanders
  14 shining eyes
  A moth of wrath (shapeshifter) (Vaults:5)
  14 guardian serpents
  2 Executioner simulacra (Pan)
  A centaur zombie (Tomb:3)
  An iron dragon skeleton (Crypt:2)
  9 worldbinders
  Maurice (D:8)
  4 meliai (Pan)
  A dire elephant zombie (Abyss:5)
  4 kobold blastminers (Orc:2)
  A toenail golem (Depths:4)
  15 naga magi
  32 black mambas
  2 spectral centaurs
  42 smoke demons
  2 spectral alligator snapping turtles
  17 vault sentinels
  6 apocalypse crabs
  4 titan simulacra
  13 eyes of devastation
  2 water nymphs (Zot:1)
  2 stone giant skeletons (Vaults:2)
  10 molten gargoyles
  9 rust devils
  57 large abominations
  6 gargoyles
  A cane toad (shapeshifter) (Abyss:5)
  22 orange demons
  A centaur skeleton (Crypt:1)
  3 naga skeletons
  5 kobold demonologists
  A mana viper skeleton (Crypt:2)
  A mana viper zombie (Crypt:1)
  2 unseen horrors (shapeshifter)
  A purple draconian zombie (Crypt:3)
  6 rime drakes
  35 hellions
  4 unseen horrors
  Maggie (D:6)
  A dire elephant skeleton (Crypt:1)
  2 cane toads
  14 efreet
  A red draconian skeleton (Crypt:1)
  2 alligator snapping turtle skeletons (Tomb:3)
  17 tormentors
  17 freezing wraiths
  A pale draconian skeleton (Crypt:3)
  18 yaktaurs
  2 iron giant simulacra
  7 komodo dragons
  2 tengu conjurers
  4 anaconda simulacra
  20 ancient zymes
  A golden dragon simulacrum (Vaults:3)
  13 ice devils
  2 trolls (shapeshifter)
  Psyche (D:11)
  19 guardian mummies
  4 harpy zombies
  A merfolk (shapeshifter) (Vaults:5)
  5 trolls
  5 red devils
  A polar bear (Lair:5)
  3 spectral harpies
  A hydra zombie (Crypt:1)
  3 silent spectres
  19 hellwings
  6 hornets
  3 iron dragon simulacra
  A queen bee (Lair:2)
  7 tyrant leeches
  An alligator simulacrum (Coc:1)
  52 raiju
  2 harpy skeletons
  7 glass eyes
  A radroach zombie (Crypt:3)
  10 blink frogs
  11 dream sheep
  An ettin zombie (Crypt:2)
  An ettin skeleton (Vaults:2)
  3 stone giant simulacra
  2 glass eyes (shapeshifter)
  129 slime creatures
  2 spriggans (shapeshifter)
  6 spriggans
  11 wraiths
  2 elf skeletons (Vaults:2)
  4 air elementals
  7 shadows
  2 vampires
  12 water elementals
  Eustachio (D:6)
  27 yaks
  3 wyverns
  33 ynoxinuls
  10 dire elephant simulacra
  10 fire bats
  14 ushabtiu
  3 alligator snapping turtle simulacra
  5 basilisks
  5 minotaur simulacra (IceCv)
  A black mamba skeleton (Crypt:2)
  11 golden eyes
  21 vampire mosquitoes
  8 wargs
  2 fire elementals
  A steam dragon (D:9)
  33 neqoxecs
  28 chaos spawn
  3 naga zombies
  12 spatial vortices
  2 glowing shapeshifter zombies
  39 nagas
  19 harpy simulacra
  14 swamp worms
  3 hydra simulacra
  An acid dragon (D:11)
  15 water moccasins
  19 orc warriors
  2 ice beasts (D:7)
  7 swamp drakes
  3 sky beasts
  17 ogres
  9 black bears
  35 laughing skulls
  25 small abominations
  5 ettin simulacra
  13 wolves (Lair:5)
  24 centaurs
  A crocodile (Sewer)
  6 human skeletons (Vaults:2)
  A swamp dragon skeleton (Crypt:2)
  A salamander zombie (Crypt:3)
  3 phantoms
  6 kobold brigands
  8 weeping skulls
  A human zombie (Vaults:2)
  A brain worm (Sewer)
  3 deep troll simulacra (IceCv)
  15 bullfrogs
  A gnoll sergeant (D:12)
  4 necrophages
  A glowing shapeshifter simulacrum (Vaults:2)
  A cyclops zombie (Crypt:1)
  2 scorpions
  3 naga simulacra
  6 earth elementals
  13 wights
  A troll zombie (D:11)
  A polar bear zombie (Crypt:1)
  A swamp dragon simulacrum (Coc:2)
  30 killer bees
  8 howler monkeys
  8 electric eels
  6 jellies
  3 quasits
  3 hounds
  3 iron imps
  20 orc priests
  A bombardier beetle (D:4)
  2 gnoll boudas
  A black bear skeleton (Crypt:3)
  19 orc wizards
  A brain worm zombie (Crypt:1)
  7 ogre zombies (D:11)
  37 mummies
  19 gnolls
  8 adders
  3 river rats (D:6)
  3 shadow imps
  5 white imps
  12 ufetubi
  An adder zombie (Crypt:2)
  An adder skeleton (Crypt:1)
  A dart slug (D:1)
  5 ribbon worms
  89 orcs
  5 endoplasms
  2 giant cockroaches
  5 goblins
  9 hobgoblins
  2 quokkas
  8 ball pythons
  10 bats
  An endoplasm zombie (Crypt:2)
  2 frilled lizards
  2 gnoll skeletons (D:11)
  2 gnoll zombies (D:11)
  24 kobolds
  4 orc skeletons (D:11)
  17 orc zombies (D:11)
  15 rats
  A rat zombie (Crypt:1)
  5 aspiring fleshes
  4 creeping infernos
  13 fire vortices
  3 lurking horrors
  16 starspawn tentacles
4551 creatures vanquished.

Vanquished Creatures (collateral kills)
  2 royal mummies (Tomb:3)
  3 bennus (Tomb:3)
  2 mummy priests (Tomb:3)
  6 death scarabs (Tomb:3)
  3 skeletal warriors (Tomb:3)
  4 guardian mummies (Tomb:3)
  6 ushabtiu (Tomb:3)
  6 mummies (Tomb:3)
32 creatures vanquished.

Vanquished Creatures (others)
  2 royal mummies (Tomb:3)
  A shard shrike skeleton (Tomb:3)
  A searing wretch (Geh:4)
  An ancient champion (Crypt:3)
  An eldritch tentacle (Pan)
  A revenant (Tomb:3)
  A deep elf sorcerer (Elf:3)
  A frost giant (Coc:1)
  A shard shrike simulacrum (Coc:7)
  A demonspawn blood saint (Pan)
  A very ugly thing (Abyss:1)
  2 bennus (Tomb:3)
  2 mummy priests (Tomb:3)
  2 rakshasas
  A caustic shrike simulacrum (Coc:1)
  2 juggernaut simulacra (Coc:7)
  A stoker (Geh:3)
  6 death scarabs (Tomb:3)
  A skeletal warrior (Tomb:3)
  A shadow demon (Pan)
  2 bog bodies
  A deep elf zephyrmancer (Elf:2)
  A worldbinder (Abyss:3)
  2 titan simulacra
  A large abomination (Abyss:5)
  A tormentor (Pan)
  14 guardian mummies (Tomb:3)
  3 bloated husks
  An ettin zombie (Tomb:3)
  An iron dragon simulacrum (Coc:7)
  A dire elephant simulacrum (Coc:7)
  2 small abominations
  6 ushabtiu (Tomb:3)
  A vampire mosquito (Swamp:4)
  2 orc warriors (D:8)
  A black bear (D:8)
  2 ettin simulacra (Coc:7)
  A bullfrog (D:8)
  A naga simulacrum (Coc:7)
  9 mummies (Tomb:3)
  2 ufetubi (Abyss:1)
  An orc (D:6)
  6 ball lightnings (Pan)
  7 creeping infernos
  20 foxfires
  5 lurking horrors
  43 starspawn tentacles
  8 tentacles (Abyss:3)
175 creatures vanquished.

Grand Total: 4758 creatures vanquished

Notes
Turn   | Place    | Note
-------+----------+-------------------------------------------
     0 | D:1      | AlterAsc the Octopode Shapeshifter began the quest for the
                  | Orb.
     0 | D:1      | Reached XP level 1. HP: 13/13 MP: 1/1
   204 | D:1      | Reached XP level 2. HP: 18/18 MP: 2/2
   621 | D:1      | Reached XP level 3. HP: 23/23 MP: 3/3
   738 | D:1      | Found a faded altar of an unknown god.
  1057 | D:2      | Reached XP level 4. HP: 19/28 MP: 4/4
  1101 | D:2      | Reached skill level 5 in Unarmed Combat
  1941 | D:2      | Identified a scroll of acquirement
  1970 | D:3      | Reached XP level 5. HP: 24/33 MP: 5/5
  2218 | D:3      | Found an iron altar of Okawaru.
  2262 | D:3      | Found a hazy altar of Hepliaklqana.
  2506 | D:3      | Identified the +8 sling of Inconvenience {heavy, Dex+3}
  2802 | D:3      | Acquired the ring of Kyqid {Will+ Dex+2}
  3323 | D:4      | Reached XP level 6. HP: 24/38 MP: 6/6
  3526 | D:4      | You fall into a shaft and drop 1 floor!
  3526 | D:5      | Entered Level 5 of the Dungeon
  4303 | D:5      | Reached XP level 7. HP: 43/43 MP: 7/7
  4413 | D:5      | Identified the +6 short sword of Chaos {holy, rPois Dex+2}
  4676 | D:5      | Reached XP level 8. HP: 48/48 MP: 8/8
  5056 | D:5      | Found a blossoming altar of Fedhas.
  5468 | D:6      | Noticed Maggie
  5553 | D:6      | Found a glowing drain.
  5561 | Sewer    | Entered a sewer
  5757 | D:6      | Killed Maggie
  5758 | D:6      | Reached skill level 5 in Dodging
  5758 | D:6      | Reached skill level 10 in Unarmed Combat
  5993 | D:6      | Reached XP level 9. HP: 53/53 MP: 9/9
  6097 | D:6      | Noticed Eustachio
  6108 | D:6      | Killed Eustachio
  6411 | D:7      | Found a staircase to the Ecumenical Temple.
  6576 | D:7      | Reached skill level 1 in Stealth
  7187 | D:7      | Noticed an unseen horror
  7255 | D:7      | Found an opulent altar of Gozag.
  7257 | D:7      | Found a bloodstained altar of Trog.
  7260 | D:7      | Found a basalt altar of Yredelemnul.
  7260 | D:7      | Found an ornate altar of the Wu Jian Council.
  7267 | D:7      | Became a worshipper of Gozag Ym Sagoz the Greedy
  8161 | Temple   | Entered the Ecumenical Temple
  8391 | D:8      | Reached skill level 5 in Shapeshifting
  8548 | D:8      | Noticed Maurice
  8558 | D:8      | Killed Maurice
  8559 | D:8      | Reached XP level 10. HP: 51/63 MP: 1/10
  8760 | D:8      | Noticed Amaemon
  9416 | D:8      | Found a shimmering altar of Xom.
 10020 | D:9      | Found a runed translucent door.
 10020 | D:9      | Noticed a gargoyle
 10021 | D:9      | Noticed lilalause's ghost (novice TeHu)
 10837 | D:9      | Noticed an elephant
 10843 | D:9      | Reached skill level 10 in Shapeshifting
 10846 | D:9      | Reached XP level 11. HP: 40/67 MP: 11/11
 11027 | D:9      | Found a staircase to the Lair.
 11315 | Lair:1   | Entered Level 1 of the Lair of Beasts
 11346 | Lair:1   | Noticed a catoblepas
 11393 | Lair:1   | Bought a scroll of identify for 26 gold pieces
 11393 | Lair:1   | Bought a scroll of teleportation for 39 gold pieces
 11393 | Lair:1   | Bought a scroll of identify for 26 gold pieces
 11393 | Lair:1   | Bought a scroll of identify for 26 gold pieces
 11404 | Lair:1   | Reached skill level 1 in Shields
 11562 | Lair:1   | Acquired a +5 ring of evasion
 11918 | Lair:1   | Noticed Erica
 11931 | Lair:1   | Killed Erica
 12037 | Lair:1   | Reached skill level 5 in Fighting
 12198 | Lair:1   | Acquired a ring of protection from cold
 12626 | Lair:2   | Found a staircase to the Snake Pit.
 12628 | Lair:2   | Noticed a skyshark
 12827 | Lair:1   | Killed a skyshark
 12945 | Lair:2   | Noticed a skyshark
 13087 | D:10     | Entered Level 10 of the Dungeon
 13212 | D:10     | Noticed a two-headed ogre
 13236 | D:10     | Killed a two-headed ogre
 13237 | D:10     | Reached XP level 12. HP: 77/77 MP: 12/12
 13848 | D:11     | Noticed a centaur warrior
 13871 | D:11     | Killed a centaur warrior
 14298 | D:11     | Noticed Nergalle
 14376 | D:11     | Found a staircase to the Orcish Mines.
 14383 | D:11     | Killed Nergalle
 14579 | D:11     | Acquired the ring "Egeorph Oluq" {rPois rN+ rCorr}
 14638 | D:11     | Noticed Psyche
 14640 | D:11     | Killed Psyche
 15377 | D:12     | Reached skill level 15 in Unarmed Combat
 15598 | D:12     | Reached XP level 13. HP: 43/81 MP: 13/13
 15751 | D:12     | Found a transporter.
 15762 | D:12     | Found a transporter.
 15766 | D:12     | Found a one-way gate to the infinite horrors of the Abyss.
 15766 | D:12     | Noticed Prykner's ghost (journeyman MiGl)
 15795 | D:12     | Noticed a rakshasa
 15798 | D:12     | Identified the +8 orcbow of Terror {flame, Will+ rCorr}
 16484 | Lair:2   | Found a staircase to the Swamp.
 16484 | Lair:2   | Noticed Harold
 16769 | Lair:2   | Killed Harold
 17475 | Lair:2   | Bought a dragon-blood talisman for 900 gold pieces
 18546 | Lair:4   | Reached XP level 14. HP: 88/88 MP: 14/14
 18561 | Lair:4   | Found a viscous altar of Jiyva.
 18571 | Lair:4   | Found a staircase to the Slime Pits.
 19243 | Orc:1    | Entered Level 1 of the Orcish Mines
 19340 | Lair:2   | Bought a +5 ring of evasion for 540 gold pieces
 19625 | Orc:2    | Entered Level 2 of the Orcish Mines
 19863 | Orc:2    | Reached skill level 15 in Shapeshifting
 19920 | Orc:2    | Noticed Donald
 19925 | Orc:2    | Killed Donald
 19969 | Orc:2    | Found Ygyt's Distillery.
 20027 | Orc:2    | Found Wieheycu's Book Emporium.
 20103 | Orc:2    | Found Xicuf's Vocational Training.
 20181 | Orc:2    | Found a staircase to the Elven Halls.
 20440 | Orc:2    | Found Fiblopn's Magic Scroll Shoppe.
 20447 | Orc:2    | Bought a scroll of blinking for 90 gold pieces
 20447 | Orc:2    | Bought a scroll of identify for 24 gold pieces
 20447 | Orc:2    | Bought a scroll of identify for 24 gold pieces
 20447 | Orc:2    | Bought a scroll of teleportation for 36 gold pieces
 20664 | Lair:2   | Bought the ring of the Gloaming {rC+ AC+4 Str+3} for 844
                  | gold pieces
 21018 | D:8      | Killed Amaemon
 21118 | D:9      | Killed lilalause's ghost
 21224 | D:13     | Found a gate to the Vaults.
 21228 | D:13     | Reached XP level 15. HP: 92/92 MP: 15/15
 21498 | Lair:2   | Bought the amulet "Serphastru" {Reflect rElec SH+5} for 660
                  | gold pieces
 21681 | D:13     | Acquired the ring of Bew Galo {Str+6 SInv}
 21813 | D:13     | Noticed Josephine
 21818 | D:13     | Killed Josephine
 22103 | D:13     | Identified the +0 short sword of the Ecumenical Temple
                  | {speed, rElec rCorr Str-5}
 22893 | D:14     | Found Pexzeojaosch's Antique Weapon Shop.
 23842 | D:14     | Identified the +2 dagger of the Pharaoh's Fist {drain,
                  | ^Contam ^Drain Str+8 Stlth+}
 23925 | D:14     | Reached XP level 16. HP: 98/98 MP: 16/16
 24036 | D:14     | Found an ornate altar of the Wu Jian Council.
 24577 | Lair:5   | Entered Level 5 of the Lair of Beasts
 25858 | Lair:5   | Found the +8 demon blade "Leech" {evervamp, Harm ^Drain
                  | rN+}
 26395 | D:15     | Entered Level 15 of the Dungeon
 26566 | D:15     | Noticed Rupert
 26579 | D:15     | Paralysed by Rupert for 2 turns
 26582 | D:15     | Killed Rupert
 27148 | D:15     | Found a staircase to the Depths.
 27307 | D:15     | Found a portal to a secret trove of treasure.
 27908 | Swamp:1  | Entered Level 1 of the Swamp
 28487 | Swamp:2  | Reached XP level 17. HP: 104/104 MP: 17/17
 29410 | Swamp:2  | Bought a smoking turquoise ring for 105 gold pieces
 29410 | Swamp:2  | Identified the ring of Demons {Wiz Int+3} (You bought it in
                  | a shop on level 2 of the Swamp)
 30478 | Swamp:4  | Entered Level 4 of the Swamp
 30503 | Swamp:4  | Noticed a tentacled monstrosity
 30513 | Swamp:4  | Killed a tentacled monstrosity
 31069 | Swamp:4  | Bought a potion of heal wounds for 180 gold pieces
 31372 | Swamp:4  | Reached skill level 10 in Dodging
 31374 | Swamp:4  | Noticed the 27-headed Lernaean hydra
 31498 | Snake:1  | Entered Level 1 of the Snake Pit
 31888 | Snake:1  | Identified the +0 buckler "Put-Me-On" {Will+ MP+9 Int-4
                  | Dex+3}
 32482 | Snake:1  | Reached XP level 18. HP: 117/117 MP: 18/18
 33039 | Elf:1    | Entered Level 1 of the Elven Halls
 34527 | Elf:2    | Found Buesh's Antique Weapon Boutique.
 34549 | Elf:2    | Found a glacial archway.
 34582 | IceCv    | Entered an ice cave
 35962 | Elf:2    | Found a transporter.
 36009 | Elf:2    | Found a bloodstained altar of Trog.
 36022 | Elf:2    | Noticed a deep elf blademaster
 36025 | Elf:2    | Noticed a deep elf blademaster
 36025 | Elf:2    | Noticed kalagan's ghost (journeyman DECj)
 36260 | Elf:2    | Found a runed translucent gate.
 36260 | Elf:2    | Found a runed translucent gate.
 36266 | Elf:2    | Found a runed translucent gate.
 36335 | Elf:2    | Found a transporter.
 36388 | Elf:2    | Paralysed by an air elemental for 1 turns
 36730 | Swamp:2  | Bought a granite talisman for 900 gold pieces
 36877 | Swamp:4  | Killed the 27-headed Lernaean hydra
 36882 | Swamp:4  | Reached XP level 19. HP: 78/124 MP: 19/19
 37093 | Swamp:4  | Got a decaying rune of Zot
 38501 | Snake:2  | Identified the serpent talisman of Abstinence {rElec Int+4}
 38501 | Snake:2  | Noticed Aizul
 38513 | Snake:2  | Killed Aizul
 39168 | Snake:3  | Noticed Jorgrun
 39182 | Snake:3  | Killed Jorgrun
 39667 | Snake:4  | Entered Level 4 of the Snake Pit
 39746 | Snake:4  | Noticed Saint Roka
 39995 | Snake:4  | Killed Saint Roka
 40205 | Snake:4  | Found a sparkling altar of Nemelex Xobeh.
 40553 | Snake:4  | Noticed Vashnia
 40659 | Snake:4  | Killed Vashnia
 40944 | Snake:4  | Reached XP level 20. HP: 129/129 MP: 20/20
 41141 | Snake:4  | Got a serpentine rune of Zot
 42353 | Vaults:1 | Entered Level 1 of the Vaults
 42685 | Depths:1 | Entered Level 1 of the Depths
 42866 | Depths:1 | Acquired 1251 gold pieces
 42871 | Depths:1 | Bought the ring "Qecodwut" {rPois rF++ rC+ EV+5 Dex-2} for
                  | 1350 gold pieces
 43422 | Depths:1 | Found a gateway to Hell.
 43457 | Depths:1 | Found a one-way gateway to a ziggurat.
 43814 | Depths:2 | Reached skill level 5 in Stealth
 44086 | Depths:2 | Found a one-way gate leading to the halls of Pandemonium.
 44141 | Depths:2 | Found an ancient bone altar of Kikubaaqudgha.
 44987 | Depths:2 | Reached XP level 21. HP: 135/135 MP: 21/21
 45182 | Depths:2 | Found the +7 great mace "Firestarter" {flame, immolate,
                  | rFlCloud rF++}
 45226 | Depths:2 | Identified the +2 war axe "Jamul" {freeze, ^Contam rPois
                  | Int+5}
 46227 | Depths:3 | Noticed Norris
 46237 | Depths:3 | Killed Norris
 46239 | Depths:3 | Reached skill level 10 in Fighting
 46370 | Depths:3 | Identified the +3 scale mail "Anydit" {rElec rC- Str+4
                  | Dex+3}
 46784 | Depths:3 | You are sucked into a shaft and drop 1 floor!
 46784 | Depths:4 | Entered Level 4 of the Depths
 46974 | Depths:4 | Found a gateway to a bazaar.
 47303 | Bazaar   | Entered a bazaar
 47303 | Bazaar   | Found Osoagad's General Store.
 47303 | Bazaar   | Found Hiwushru's Antique Weapon Shop.
 47322 | Bazaar   | Bought a potion of haste for 150 gold pieces
 47322 | Bazaar   | Bought a scroll of teleportation for 45 gold pieces
 47345 | Bazaar   | Found Sufuxzig's Antique Armour Shop.
 47505 | Depths:4 | Noticed a caustic shrike
 47506 | Depths:4 | Reached XP level 22. HP: 146/146 MP: 22/22
 47508 | Depths:4 | Killed a caustic shrike
 47509 | Depths:4 | Noticed a caustic shrike
 47511 | Depths:4 | Killed a caustic shrike
 47511 | Depths:4 | Noticed a caustic shrike
 47512 | Depths:4 | Noticed a caustic shrike
 47512 | Depths:4 | Noticed a caustic shrike
 47519 | Depths:4 | Killed a caustic shrike
 47520 | Depths:4 | Noticed a golden dragon
 47523 | Depths:4 | Killed a caustic shrike
 47524 | Depths:4 | Killed a caustic shrike
 47527 | Depths:4 | Killed a golden dragon
 47832 | Depths:4 | Found a gate to the Realm of Zot.
 48067 | Depths:4 | Found a transporter.
 48068 | Depths:4 | Found a transporter.
 48070 | Depths:4 | Found a transporter.
 48070 | Depths:4 | Found a transporter.
 48287 | Depths:4 | Found a runed translucent gate.
 48288 | Depths:4 | Found a runed translucent gate.
 48288 | Depths:4 | Found a runed translucent gate.
 48288 | Depths:4 | Noticed Ushuvveu's ghost (legendary MiBe)
 48884 | Lair:1   | Bought a scroll of enchant armour for 97 gold pieces
 48952 | Swamp:2  | Bought the ring "Vesk" {Will+ Slay+5} for 795 gold pieces
 49295 | Elf:2    | Killed kalagan's ghost
 49620 | Elf:2    | Identified the +6 short sword of the Hall of Blades
                  | {freeze, rElec}
 49804 | Elf:2    | Reached skill level 5 in Shields
 50268 | Elf:3    | Entered Level 3 of the Elven Halls
 50798 | Elf:3    | Identified the +6 great mace of the Three Ears {antimagic,
                  | rPois rC- Str+4 Int+5}
 51379 | Depths:3 | Got the Commentary on Malediction
 51383 | Depths:3 | Identified the +8 spear "Hel Abox" {freeze, rPois rCorr
                  | Dex+3 SInv}
 51407 | Depths:3 | Identified the +8 hand axe of Zin's Righteous Anger {heavy,
                  | Int+5}
 51600 | Depths:3 | Reached XP level 23. HP: 90/158 MP: 23/23
 52160 | Elf:3    | Found Mewanuzo's Jewellery Emporium.
 52422 | Elf:3    | Identified the ring "Fuecoych" {rC- MP+9 Str+4 SInv}
 52552 | Elf:3    | Identified the +5 spear "Xeuh Giss" {chaos, rPois Dex+3}
 52558 | Elf:3    | Identified the +2 leather armour of Damequag {rPois rF+
                  | Int+3}
 52558 | Elf:3    | Identified the ring "Ofuoddui" {Ice rPois MP+9 Str+4 Int-3}
 52566 | Elf:3    | Identified the staff "Veygirph" {rN+ Dex+6 Necro}
 52572 | Elf:3    | Got the Handbook of Bedrock
 52600 | Elf:3    | Identified the ring of the Baking Coward {Wiz Int+3 Dex+4}
 52773 | Elf:3    | Identified the +7 arbalest of the Fox {antimagic, Int+3
                  | Dex+3}
 53278 | D:12     | Killed Prykner's ghost
 53481 | D:12     | Voluntarily entered the Abyss.
 53691 | Abyss:1  | Found a corrupted altar of Lugonu.
 53996 | Abyss:1  | Gained mutation: You are vulnerable to cold. (rC-) [a
                  | neqoxec]
 53998 | Abyss:1  | Found a corrupted altar of Lugonu.
 54131 | Abyss:1  | Found a corrupted altar of Lugonu.
 54150 | Abyss:1  | Noticed an ancient lich
 54164 | Abyss:1  | Killed an ancient lich
 54262 | Abyss:1  | Found a corrupted altar of Lugonu.
 54347 | Abyss:1  | Found a corrupted altar of Lugonu.
 54590 | Abyss:1  | Found a corrupted altar of Lugonu.
 54614 | Abyss:1  | Found a corrupted altar of Lugonu.
 54669 | Abyss:2  | Found a corrupted altar of Lugonu.
 54794 | Abyss:3  | Found a corrupted altar of Lugonu.
 54809 | Abyss:3  | Found a corrupted altar of Lugonu.
 54812 | Abyss:3  | Found a corrupted altar of Lugonu.
 54856 | Abyss:3  | Found a corrupted altar of Lugonu.
 55014 | Abyss:3  | Found a corrupted altar of Lugonu.
 55112 | Abyss:3  | Gained mutation: Your spells are a little easier to cast,
                  | but a little less powerful. [a neqoxec]
 55117 | Abyss:3  | Gained mutation: Your spells are easier to cast, but less
                  | powerful. [a neqoxec]
 55473 | Abyss:3  | Reached skill level 15 in Fighting
 55597 | Abyss:3  | Found a corrupted altar of Lugonu.
 55626 | Abyss:3  | Reached skill level 10 in Shields
 55823 | Abyss:3  | Got an abyssal rune of Zot
 55848 | Abyss:3  | Reached XP level 24. HP: 95/169 MP: 23/23
 56181 | D:12     | Escaped the Abyss
 56222 | D:12     | Lost mutation: You are vulnerable to cold. (rC-) [potion of
                  | mutation]
 56222 | D:12     | Lost mutation: Your spells are easier to cast, but less
                  | powerful. [potion of mutation]
 56222 | D:12     | Gained mutation: You passively map a small area around you.
                  | [potion of mutation]
 56222 | D:12     | Gained mutation: You are robust. (+10% HP) [potion of
                  | mutation]
 56222 | D:12     | Lost mutation: You passively map a small area around you.
                  | [potion of mutation]
 56223 | D:12     | Lost mutation: You are robust. (+10% HP) [potion of
                  | mutation]
 56223 | D:12     | Lost mutation: Your spells are a little easier to cast, but
                  | a little less powerful. [potion of mutation]
 56223 | D:12     | Gained mutation: Your mind is acute. (Int +4, Str/Dex -1)
                  | [potion of mutation]
 56223 | D:12     | Gained mutation: Your spells are a little harder to cast,
                  | but a little more powerful. [potion of mutation]
 56223 | D:12     | Gained mutation: You are robust. (+10% HP) [potion of
                  | mutation]
 56224 | D:12     | Lost mutation: You are robust. (+10% HP) [potion of
                  | mutation]
 56224 | D:12     | Lost mutation: Your mind is acute. (Int +4, Str/Dex -1)
                  | [potion of mutation]
 56224 | D:12     | Gained mutation: Your system is resistant to poisons.
                  | (rPois) [potion of mutation]
 56224 | D:12     | Gained mutation: You are clumsy. (Dex -2) [potion of
                  | mutation]
 56356 | D:15     | You showed the abyssal rune of Zot to enter a treasure
                  | trove
 56357 | Trove    | Entered a treasure trove
 56367 | Trove    | Got Aquingu's Omnibus of Damage
 56408 | Trove    | Got Dokhlogan's Folio of the Unholy Fifth Circle
 56571 | D:12     | Bought the death talisman of Precision Catastrophes {+Blink
                  | rElec rC- SInv} for 2151 gold pieces
 57806 | Vaults:1 | Noticed Asterion
 57814 | Vaults:1 | Killed Asterion
 58069 | Vaults:1 | Found Ucia's Assorted Antiques.
 58222 | Vaults:1 | Found a large runed translucent door.
 58222 | Vaults:1 | Found a large runed translucent door.
 58222 | Vaults:1 | Noticed ongoing's ghost (adept MiFi)
 58222 | Vaults:1 | Noticed Forgeling's ghost (adept FeEn)
 58303 | Vaults:1 | Killed ongoing's ghost
 58305 | Vaults:1 | Killed Forgeling's ghost
 58817 | Vaults:2 | Found Muqoys's Distillery.
 58866 | Vaults:2 | Bought 2 potions of haste for 400 gold pieces
 58866 | Vaults:2 | Bought 2 potions of heal wounds for 200 gold pieces
 58866 | Vaults:2 | Bought a potion of curing for 60 gold pieces
 59552 | Vaults:2 | Reached skill level 15 in Shields
 59569 | Vaults:2 | Found a staircase to the Crypt.
 60475 | Vaults:3 | Noticed Jory
 60482 | Vaults:3 | Killed Jory
 60665 | Vaults:3 | Reached XP level 25. HP: 174/174 MP: 23/23
 62437 | Vaults:4 | Reached skill level 27 in Unarmed Combat
 62861 | Vaults:5 | Entered Level 5 of the Vaults
 63195 | Slime:1  | Entered Level 1 of the Pits of Slime
 63939 | Slime:2  | You fall into a shaft and drop 2 floors!
 64636 | Slime:2  | Reached skill level 1 in Spellcasting
 65486 | Slime:4  | Noticed Dissolution
 65491 | Slime:4  | Killed Dissolution
 65492 | Slime:4  | Reached XP level 26. HP: 175/180 MP: 28/29
 65541 | Slime:4  | Reached skill level 15 in Dodging
 65804 | Slime:5  | Entered Level 5 of the Pits of Slime
 65837 | Slime:5  | Noticed the Royal Jelly
 65843 | Slime:5  | Killed the Royal Jelly
 65844 | Slime:5  | Reached skill level 5 in Spellcasting
 66697 | Slime:5  | Identified the ring of Duoluug {Ice rN++ Int-3}
 66720 | Slime:5  | Identified the staff of the Asp {rN+ Int+3 Conj Necro}
 66839 | Slime:5  | Identified the ring of Kuovagh {rElec rPois Will+ Str+3}
 66844 | Slime:5  | Got a slimy rune of Zot
 66999 | Slime:5  | Identified the ring of Poinygg {Wiz rCorr}
 67001 | Slime:5  | Identified the amulet "Ywaext" {Reflect Rampage rF+ rN+
                  | Will+ SH+5}
 67034 | Slime:5  | Identified the +0 robe "Beubuqeu" {Int+5 Archmagi}
 68068 | Vaults:5 | Noticed a dread lich
 68244 | Vaults:5 | Killed a dread lich
 68464 | Vaults:5 | Noticed an ancient lich
 68471 | Vaults:5 | Killed an ancient lich
 68752 | Vaults:5 | Identified the ring "Ymiaxoun" {rN+ Will- EV+5 Slay+3
                  | Stlth+}
 68841 | Vaults:5 | Found the amulet of Vitality {RegenMP++ Regen++}
 68933 | Vaults:5 | Identified the +6 flail "Ficaokhu" {flame, rElec rN+}
 68952 | Vaults:5 | Found Lipaut's Armour Boutique.
 69238 | Vaults:5 | Got a silver rune of Zot
 69838 | Hell     | Entered the Vestibule of Hell
 69838 | Hell     | Noticed Geryon
 69846 | Hell     | Killed Geryon
 70133 | Hell     | Reached XP level 27. HP: 186/186 MP: 30/30
 70484 | Hell     | Found a gateway to the freezing wastes of Cocytus.
 70610 | Hell     | Found a gateway to the Iron City of Dis.
 70815 | Hell     | Found a gateway to the ashen valley of Gehenna.
 70882 | Hell     | Found a gateway to the decaying netherworld of Tartarus.
 70989 | Coc:1    | Entered Level 1 of Cocytus
 73143 | Coc:6    | Noticed a dread lich
 73151 | Coc:6    | Killed a dread lich
 73515 | Coc:7    | Entered Level 7 of Cocytus
 73722 | Coc:7    | Paralysed by a wendigo for 1 turns
 74899 | Coc:7    | Identified the +1 great mace of Propriety {heavy, rN+ Str+3
                  | Int+3}
 75042 | Coc:7    | Noticed Antaeus
 75073 | Coc:7    | Killed Antaeus
 75401 | Coc:7    | Got an icy rune of Zot
 75453 | Coc:7    | Paralysed by a wendigo for 1 turns
 75743 | Coc:7    | Identified the +4 short sword "Jicae" {speed, rC+}
 76095 | Zot:1    | Entered Level 1 of the Realm of Zot
 76484 | Zot:1    | Identified the +0 pair of gloves of the Desolation of Salt
                  | {rCorr Dex+2}
 76789 | Zot:1    | Found a transporter.
 76789 | Zot:1    | Found the +8 demon trident "Rift" {distort, reach+}
 76805 | Zot:1    | Found a transporter.
 77144 | Zot:1    | Found Fijes's Changing Room.
 78122 | Zot:2    | Noticed a dread lich
 78124 | Zot:2    | Noticed a dread lich
 78130 | Zot:2    | Killed a dread lich
 78133 | Zot:2    | Killed a dread lich
 78424 | Zot:2    | Identified the amulet of Zeytoeh {Spirit rPois Dex+3
                  | Slay+4}
 78447 | Zot:2    | Noticed a dread lich
 78451 | Zot:2    | Killed a dread lich
 78453 | Zot:2    | Noticed a dread lich
 78460 | Zot:2    | Killed a dread lich
 78491 | Zot:2    | Identified the +1 quarterstaff "Umnirghu" {freeze, Int+4
                  | Dex-5}
 78671 | Zot:1    | Bought the ring "Edereuc" {^Contam Fly rF+++ rC+ rCorr} for
                  | 1382 gold pieces
 79496 | Zot:3    | Acquired 309 gold pieces
 80601 | Zot:5    | Entered Level 5 of the Realm of Zot
 81416 | Zot:5    | Noticed an orb of fire
 81434 | Zot:5    | Noticed an orb of fire
 81436 | Zot:5    | Killed an orb of fire
 81448 | Zot:5    | Noticed a dread lich
 81450 | Zot:5    | Killed an orb of fire
 81470 | Zot:5    | Killed a dread lich
 81482 | Zot:5    | Noticed an orb of fire
 81484 | Zot:5    | Noticed an orb of fire
 81487 | Zot:5    | Noticed an orb of fire
 81490 | Zot:5    | Noticed an orb of fire
 81492 | Zot:5    | Noticed an orb of fire
 81492 | Zot:5    | Noticed an orb of fire
 81881 | Zot:5    | Killed an orb of fire
 81916 | Zot:5    | Killed an orb of fire
 82209 | Zot:4    | Killed an orb of fire
 82217 | Zot:4    | Killed an orb of fire
 82392 | Zot:5    | Killed an orb of fire
 82816 | Zot:5    | Killed an orb of fire
 83025 | Zot:5    | Acquired 801 gold pieces
 83039 | Zot:5    | Paralysed by a Zot trap for 4 turns
 83594 | Crypt:1  | Entered Level 1 of the Crypt
 84341 | Crypt:1  | You are sucked into a shaft and drop 1 floor!
 85423 | Crypt:2  | Got the Annotations on the Mob and Kinetic Energy
 85522 | Crypt:3  | Entered Level 3 of the Crypt
 85522 | Crypt:3  | Found a staircase to the Tomb.
 85566 | Crypt:3  | Noticed Grunn
 85592 | Crypt:3  | Killed Grunn
 85726 | Crypt:3  | Noticed Bai Suzhen
 85733 | Crypt:3  | Killed Bai Suzhen
 86151 | Crypt:3  | Found a basalt altar of Yredelemnul.
 86437 | Crypt:3  | Found the +5 scythe "Finisher" {speed, execute}
 86455 | Crypt:3  | Identified the +6 glaive "Rocaphod" {vamp, *Noise rF++
                  | Will+ Stlth+}
 86774 | Tomb:1   | Entered Level 1 of the Tomb of the Ancients
 87784 | Tomb:2   | Noticed a royal mummy
 87797 | Tomb:2   | Killed a royal mummy
 87799 | Tomb:2   | Noticed a royal mummy
 87804 | Tomb:2   | Noticed a royal mummy
 87804 | Tomb:2   | Noticed a royal mummy
 87833 | Tomb:2   | Killed a royal mummy
 87844 | Tomb:2   | Killed a royal mummy
 87865 | Tomb:2   | Killed a royal mummy
 88277 | Tomb:1   | Noticed a royal mummy
 88279 | Tomb:1   | Noticed a royal mummy
 88282 | Tomb:1   | Noticed a royal mummy
 88285 | Tomb:1   | Noticed a royal mummy
 88297 | Tomb:1   | Noticed a royal mummy
 88301 | Tomb:1   | Noticed a royal mummy
 88318 | Tomb:1   | Noticed a royal mummy
 88344 | Tomb:1   | Killed a royal mummy
 88363 | Tomb:1   | Noticed a royal mummy
 88363 | Tomb:1   | Noticed a royal mummy
 88363 | Tomb:1   | Noticed a royal mummy
 88395 | Tomb:1   | Killed a royal mummy
 88419 | Tomb:1   | Killed a royal mummy
 88422 | Tomb:1   | Noticed a royal mummy
 88432 | Tomb:1   | Noticed a royal mummy
 88453 | Tomb:1   | Killed a royal mummy
 88462 | Tomb:1   | Killed a royal mummy
 88477 | Tomb:1   | Killed a royal mummy
 88484 | Tomb:1   | Killed a royal mummy
 88485 | Tomb:1   | Noticed a royal mummy
 88485 | Tomb:1   | Noticed a royal mummy
 88485 | Tomb:1   | Noticed a royal mummy
 88509 | Tomb:1   | Noticed a royal mummy
 88510 | Tomb:1   | Killed a royal mummy
 88519 | Tomb:1   | Killed a royal mummy
 88525 | Tomb:1   | Noticed a royal mummy
 88529 | Tomb:1   | Killed a royal mummy
 88533 | Tomb:1   | Killed a royal mummy
 88546 | Tomb:1   | Killed a royal mummy
 88581 | Tomb:1   | Killed a royal mummy
 88650 | Tomb:1   | Killed a royal mummy
 88659 | Tomb:1   | Killed a royal mummy
 88671 | Tomb:1   | Killed a royal mummy
 88681 | Tomb:1   | Killed a royal mummy
 88770 | Tomb:1   | Noticed a royal mummy
 88784 | Tomb:1   | Killed a royal mummy
 88829 | Tomb:1   | Noticed a royal mummy
 88831 | Tomb:1   | Noticed a royal mummy
 88869 | Tomb:1   | Killed a royal mummy
 88878 | Tomb:1   | Killed a royal mummy
 89422 | D:12     | Voluntarily entered the Abyss.
 89647 | Abyss:3  | Found a corrupted altar of Lugonu.
 90000 | Abyss:4  | Reached skill level 27 in Dodging
 90087 | Abyss:4  | Noticed an ancient lich
 90100 | Abyss:4  | Killed an ancient lich
 90106 | D:12     | Escaped the Abyss
 90163 | D:12     | Voluntarily entered the Abyss.
 90591 | Abyss:5  | Noticed a dread lich
 90596 | Abyss:5  | Paralysed by accursed screaming for 1 turns
 90603 | Abyss:5  | Paralysed by accursed screaming for 2 turns
 90610 | Abyss:5  | Killed a dread lich
 90652 | Abyss:5  | Paralysed by accursed screaming for 1 turns
 90672 | D:12     | Escaped the Abyss
 90721 | D:12     | Voluntarily entered the Abyss.
 91110 | Abyss:5  | Found a corrupted altar of Lugonu.
 91113 | Abyss:5  | Found a corrupted altar of Lugonu.
 91402 | Abyss:5  | Paralysed by accursed screaming for 1 turns
 91501 | D:12     | Escaped the Abyss
 92049 | Tomb:3   | Entered Level 3 of the Tomb of the Ancients
 92059 | Tomb:3   | Noticed a royal mummy
 92062 | Tomb:3   | Noticed a royal mummy
 92068 | Tomb:3   | Noticed a royal mummy
 92070 | Tomb:3   | Noticed a royal mummy
 92075 | Tomb:3   | Noticed a royal mummy
 92082 | Tomb:3   | Noticed a royal mummy
 92086 | Tomb:3   | Killed a royal mummy
 92087 | Tomb:3   | Killed a royal mummy
 92091 | Tomb:3   | Noticed a royal mummy
 92094 | Tomb:3   | Noticed a royal mummy
 92096 | Tomb:3   | Noticed a royal mummy
 92099 | Tomb:3   | Killed a royal mummy
 92104 | Tomb:3   | Killed a royal mummy
 92119 | Tomb:3   | Found the +8 frozen axe "Frostbite" {freeze, freezing
                  | cloud, *Noise Fly rC+}
 92174 | Tomb:3   | Got the Guidebook on Ghoulish Freezing
 92176 | Tomb:3   | Got the Notes on Prime Space
 92178 | Tomb:3   | Identified the +1 mace of Fury {pain, rF+}
 92179 | Tomb:3   | Identified the ring of Cynicism {Will+ Int-3 Dex+6}
 92183 | Tomb:3   | Identified the +6 war axe "Qethaypn" {drain, *Rage rElec
                  | rF- Str+9}
 92186 | Tomb:3   | Identified the +3 shortbow of Extinguishment {heavy, rPois
                  | rN+ Dex-4}
 92323 | Tomb:3   | Found the +8 mithril axe "Arga" {speed, Will+}
 92625 | Tomb:3   | Got a golden rune of Zot
 92823 | Crypt:3  | Lost mutation: You are clumsy. (Dex -2) [potion of
                  | mutation]
 92823 | Crypt:3  | Lost mutation: Your spells are a little harder to cast, but
                  | a little more powerful. [potion of mutation]
 92823 | Crypt:3  | Lost mutation: Your system is resistant to poisons. (rPois)
                  | [potion of mutation]
 92823 | Crypt:3  | Gained mutation: You expend magic power (3 MP) to
                  | strengthen your wands. [potion of mutation]
 92823 | Crypt:3  | Gained mutation: You have hidden genetic potential. [potion
                  | of mutation]
 93113 | Pan      | Entered the realm of Cerebov.
 93113 | Pan      | Entered Pandemonium
 93113 | Pan      | Found the +6 sword of Cerebov {flame}
 93113 | Pan      | Noticed Cerebov
 93149 | Pan      | Killed Cerebov
 93165 | Pan      | Got a fiery rune of Zot
 93460 | Pan      | Identified the +1 broad axe of Jobubot {drain, rN+ Str+4
                  | Dex+5}
 93508 | Pan      | Reached skill level 27 in Shields
 93668 | Pan      | Identified the +6 ring mail of Defence {rC- Str+7 Int+3
                  | Slay+3}
 93669 | Pan      | Identified the +4 mace of Defiance {elec, *Slow Int+7}
 94532 | Pan      | Found an exit through the horrors of the Abyss.
 95178 | Pan      | Entered the realm of Mnoleg.
 95544 | Pan      | Noticed Mnoleg
 95845 | Pan      | Killed Mnoleg
 95846 | Pan      | Reached skill level 27 in Fighting
 96215 | Pan      | Found an exit through the horrors of the Abyss.
 96320 | Pan      | Reached skill level 10 in Stealth
 96654 | Pan      | Got a glowing rune of Zot
 97220 | Pan      | Identified the +2 spear of the Forest {flame, rF++ rCorr
                  | Str+2 Int-3}
 97657 | Pan      | Noticed Assugrulif the pandemonium lord
 97728 | Pan      | Killed Assugrulif the pandemonium lord
 97814 | Pan      | Got a demonic rune of Zot
 98131 | Pan      | Entered the realm of Lom Lobon.
 99043 | Pan      | Noticed Lom Lobon
 99067 | Pan      | Killed Lom Lobon
 99076 | Pan      | Got a magical rune of Zot
 99312 | Pan      | Noticed Pipoizec the pandemonium lord
 99315 | Pan      | Reached skill level 27 in Shapeshifting
 99326 | Pan      | Killed Pipoizec the pandemonium lord
 99502 | Pan      | Identified the +3 dagger of Meuph {freeze, rF+}
 99898 | Pan      | Entered the realm of Gloorx Vloq.
100064 | Pan      | Reached skill level 10 in Spellcasting
100100 | Pan      | Noticed Gloorx Vloq
100114 | Pan      | Killed Gloorx Vloq
100136 | Pan      | Got a dark rune of Zot
100347 | Pan      | Reached skill level 1 in Evocations
100471 | Pan      | Noticed Foetros the pandemonium lord
100485 | Pan      | Killed Foetros the pandemonium lord
100805 | Pan      | Reached skill level 5 in Evocations
100831 | Pan      | Noticed Sufruolu the pandemonium lord
100840 | Pan      | Killed Sufruolu the pandemonium lord
100903 | Pan      | Identified the +12 rapier "Pidowaer" {antimagic, Will+
                  | Str+2}
101082 | Pan      | Noticed Urpho Suhu the pandemonium lord
101095 | Pan      | Killed Urpho Suhu the pandemonium lord
101179 | Pan      | Found an exit through the horrors of the Abyss.
101441 | Pan      | Noticed Gois the pandemonium lord
101450 | Pan      | Killed Gois the pandemonium lord
101622 | Pan      | Reached skill level 10 in Evocations
101640 | Pan      | Found an exit through the horrors of the Abyss.
101647 | Pan      | Took an exit into the Abyss.
101647 | Abyss:5  | Escaped into the Abyss
101673 | Depths:2 | Escaped the Abyss
101770 | Tar:1    | Entered Level 1 of Tartarus
102572 | Tar:3    | Noticed an ancient lich
102573 | Tar:3    | Noticed a dread lich
102574 | Tar:3    | Noticed a dread lich
102574 | Tar:3    | Noticed a dread lich
102574 | Tar:3    | Noticed a dread lich
102578 | Tar:3    | Killed a dread lich
102584 | Tar:3    | Noticed an ancient lich
102586 | Tar:3    | Killed an ancient lich
102592 | Tar:3    | Killed a dread lich
102594 | Tar:3    | Killed a dread lich
102597 | Tar:3    | Killed a dread lich
102603 | Tar:3    | Killed an ancient lich
102709 | Tar:4    | Reached skill level 15 in Evocations
102721 | Tar:4    | Found a runed translucent door.
103097 | Tar:7    | Entered Level 7 of Tartarus
103100 | Tar:7    | Noticed a dread lich
103106 | Tar:7    | Killed a dread lich
103304 | Tar:7    | Noticed an ancient lich
103312 | Tar:7    | Killed an ancient lich
103428 | Tar:7    | Noticed a dread lich
103435 | Tar:7    | Paralysed by a dread lich for 2 turns
103442 | Tar:7    | Killed a dread lich
103696 | Tar:7    | Identified the staff of Sharp Blind Justice {rF+ rN+++
                  | Will- Dex+3 Stlth+ Fire}
103931 | Tar:7    | Noticed Ereshkigal
103950 | Tar:7    | Killed Ereshkigal
104027 | Tar:7    | Got a bone rune of Zot
104175 | Geh:1    | Entered Level 1 of Gehenna
105482 | Geh:7    | Entered Level 7 of Gehenna
106053 | Geh:7    | Noticed the Serpent of Hell
106061 | Geh:7    | Killed the Serpent of Hell
106428 | Geh:7    | Identified the amulet of Discretion {Acrobat rN+ Dex+3}
106575 | Geh:7    | Found the +13 sceptre of Asmodeus
106575 | Geh:7    | Noticed Asmodeus
106591 | Geh:7    | Killed Asmodeus
106638 | Geh:7    | Identified the +5 flail "Giantslayer" {freeze, rN+ rCorr}
106681 | Geh:7    | Identified the amulet of Bodamm {Spirit rC+}
106687 | Geh:7    | Identified the +7 whip "Zydie" {flame, Str-3 Int+3 Dex+4}
106706 | Geh:7    | Got an obsidian rune of Zot
106917 | Dis:1    | Entered Level 1 of the Iron City of Dis
107063 | Dis:1    | You are sucked into a shaft and drop 1 floor!
107608 | Dis:7    | Entered Level 7 of the Iron City of Dis
107740 | Dis:7    | Reached skill level 27 in Evocations
108298 | Dis:7    | Reached skill level 15 in Stealth
108495 | Dis:7    | Identified the amulet "Ycila" {+Blink rPois Regen+ Stlth+}
108572 | Dis:7    | Identified the staff of Alacsax {rPois rC+ Str+3 Ice}
109191 | Dis:7    | Bought a scroll of acquirement for 728 gold pieces
109191 | Dis:7    | Acquired 753 gold pieces
109245 | Dis:7    | Noticed Dispater
109264 | Dis:7    | Killed Dispater
109353 | Dis:7    | Got the Codex of Fetching Geology
109358 | Dis:7    | Got an iron rune of Zot
109359 | Dis:7    | Identified the ring of Onall {rPois Str+7 Stlth-}
109880 | Zot:5    | Got the Orb of Zot
110115 | Depths:4 | Noticed Jutugg the pandemonium lord
110118 | Depths:4 | Killed Jutugg the pandemonium lord
110259 | D:13     | Noticed Povilam the pandemonium lord
110259 | D:13     | Noticed an ancient lich
110263 | D:13     | Killed Povilam the pandemonium lord
110265 | D:13     | Killed an ancient lich
110462 | D:4      | Noticed Rav Secs the pandemonium lord
110471 | D:4      | Killed Rav Secs the pandemonium lord
110596 | D:$      | Escaped with the Orb!

Illustrated notes

Levels and vault maps discovered:
D:1:      dpeg_arrival_rooms_b, layout_basic,
          dreamdust_ecumenical_altar_hidden_monk_grotto, fountainhead
D:2:      layout_basic
D:3:      layout_loops_cross, okawaru_trees_2, old_standard_altar,
          uniq_crazy_yiuf_cottage
D:4:      layout_basic, kennysheep_decorative_pillar
D:5:      layout_loops_ring, fedhas_altar_1, serial_glass, glass_columns_a,
          glass_columns_a, feat_on_display, item_on_display_a,
          minmay_strange_pillars, minmay_strange_pillars
D:6:      layout_basic, lightli_sewer_entry_pipes, minivault_23, uniq_maggie,
          uniq_eustachio
D:7:      layout_layer_cave, grunt_temple_overflow_open, temple_statues
D:8:      layout_basic, xom_confusion_cloud, serial_demonic, serial_demonic_c,
          serial_demonic_c, serial_demonic_c, serial_demonic_g,
          serial_demonic_c, serial_demonic_b, st_stairs_13, uniq_amaemon,
          uniq_maurice
D:9:      minmay_angry_zag, layout_stronghold, david_lair_generic,
          ebering_ghost_inner_flame
D:10:     layout_loops_ring
D:11:     layout_cave_pools, zombieorc2_lemuel, uniq_nergalle, uniq_psyche
D:12:     layout_cave_pods, gammafunk_ghost_abyssal_escape
D:13:     kennysheep_windowed_halls, layout_irregular_city,
          lightli_vaults_fourway_checkpoint, serial_rivers,
          chequers_serial_rivers_micro_b, chequers_serial_rivers_large_a,
          chequers_serial_rivers_micro_c, chequers_serial_rivers_small_b,
          chequers_serial_rivers_small_b, chequers_serial_rivers_micro_b,
          uniq_josephine
D:14:     four-leaf_vault, layout_layer_cave, lemuel_tele_altar, serial_shops,
          nicolae_shop_hallway_stairs
D:15:     gammafunk_enter_depths_forms, layout_stronghold,
          nicolae_trove_entry_columns, glass_columns_b, water_boxes_lemuel,
          uniq_rupert
Temple:   eino_temple_water
Lair:1:   layout_loops_ring, minmay_hedge_maze, st_stairs_6, uniq_erica
Lair:2:   layout_gridlike, minmay_swamp_entry_eels, guppyfry_snake_entry_island,
          special_room [special_room_bee], lemuel_fruit_fields, uniq_harold
Lair:3:   layout_small_grid
Lair:4:   layout_long_grid, nicolae_slime_entry_field_trip,
          grunt_forest_stairs_basic
Lair:5:   grunt_lair_end_beastmaster, layout_regular_city, st_stairs_12,
          grunt_forest_large_clearings
Swamp:1:  layout_falls_marsh, evilmike_swamp_ruin_house_4
Swamp:2:  layout_basic_swamp, evilmike_swamp_ruin_house_3, swamp_pool_3
Swamp:3:  layout_basic_swamp, evilmike_swamp_ruin_house_6,
          infiniplex_staircase_pool_2
Swamp:4:  swamp_old_school, layout_basic_swamp
Snake:1:  layout_rooms, grunt_ministairs_15, nicolae_snake_gridmaze_zigzag,
          nicolae_snake_slithery_corners, serial_bayou_shore_a
Snake:2:  layout_misc_corridors, nicolae_snake_salamander_fort, uniq_aizul
Snake:3:  layout_onion, grunt_megastairs_3, uniq_jorgrun
Snake:4:  grunt_snake_rune_serpentine_throne, layout_cave_town, basic_altar,
          uniq_saint_roka
Slime:1:  layout_caves
Slime:2:  layout_caves, special_room [special_room_jelly]
Slime:3:  layout_caves
Slime:4:  layout_caves, dissolution_awaits
Slime:5:  slime_pit_nicolae_jellycorners, uniq_dissolution
Orc:1:    layout_caves
Orc:2:    st_orc_town, layout_caves, nicolae_shop_vocational, uniq_donald
Elf:1:    layout_geoelf_diagonals, minivault_28
Elf:2:    nicolae_elf_blades_splatter_lattice [mumra_blade_entry_dagger],
          layout_geoelf_octagon, gammafunk_ghost_wrathful_warriors,
          portal_ice_cave_entry_pillars_three, serial_shops, shop, minivault_16,
          minivault_8
Elf:3:    minmay_elf_hall_statues, layout_geoelf_grid, serial_shops, shop
Vaults:1: advil_vaults_ghost_guards, vaults_room_fours, grunt_vaults_swirl,
          nicolae_vaults_stairing_the_circle, nicolae_vaults_layer_cake_slice,
          nicolae_vaults_mush_room, v_misc_25, nicolae_vaults_network_periphery,
          nicolae_vaults_storage_room_statues, nicolae_vaults_tetromino_Z_2,
          nicolae_vaults_house_3, hangedman_vaults_snaps,
          nicolae_vaults_tetromino_T_1, layout_vaults_omnibox, serial_shops,
          shop, uniq_asterion
Vaults:2: minmay_crypt_entry_skeletal_spiral, v_misc_25, nicolae_vaults_house_3,
          hangedman_vaults_impose, nicolae_vaults_steering_wheel,
          nicolae_vaults_doubleplus_tesselated, vaults_dpeg_doors, v_misc_1,
          nicolae_vaults_variable_pillar_hall, nicolae_vaults_surprise_closet,
          nicolae_vaults_tangram_1, v_alt_pattern_5, vaults_mumra_hexcomb,
          nicolae_vaults_surprise_closet_hard, layout_vaults_maze_snakey,
          serial_shops, nicolae_shop_gibbet_a_chance
Vaults:3: nicolae_vaults_storage_closets_3, v_pattern_2,
          nicolae_vaults_yaktaur_gun_rack, v_misc_17, nicolae_vaults_big_ls,
          hangedman_vaults_trim, vaults_room_fours, nicolae_vaults_statue_guard,
          nicolae_vaults_double_plus_3, layout_vaults_omnigrid, uniq_jory
Vaults:4: v_rooms_6, nicolae_vaults_little_squares_3,
          nicolae_vaults_little_squares_5, nicolae_vaults_network_quinsquares
          [nicolae_vaults_network_quincunx_subvault,
          nicolae_vaults_network_quincunx_subvault,
          nicolae_vaults_network_quincunx_subvault,
          nicolae_vaults_network_quincunx_subvault],
          nicolae_vaults_network_barrier, nicolae_vaults_cochlea,
          nicolae_vaults_closet_pinwheel_3, nicolae_vaults_heart-shaped_vault,
          vaults_standard_mumra_x, layout_vaults_chaotic_city, uniq_margery
Vaults:5: serial_shops
Crypt:1:  layout_gridlike, uniq_josephina
Crypt:2:  statuecave_lemuel, layout_chaotic_city
Crypt:3:  church_of_pain_bobbens, layout_chaotic_city, uniq_bai_suzhen,
          uniq_grunn
Tomb:1
Tomb:2
Tomb:3
Depths:1: layout_twisted_cross, enter_ziggurat_b, pf_coc_iceberg,
          kennysheep_another_room, grunt_decor_junction, dpeg_stationary_puzzle
Depths:2: minmay_tile_spiral, layout_cave_shapes, grunt_pan_entry_spiral,
          serial_bayou, serial_bayou_lagoon_a, serial_bayou_shore_b,
          serial_bayou_pond_c, serial_bayou_lagoon_b, serial_bayou_pond_a,
          hell_entry, kiku_gazebo_pond_becter, abyss_entry, drop_trap
Depths:3: minmay_the_grid_triangle_9x9_recursive_2_mashed
          [minmay_the_grid_triangle_9x9_prize_insulated,
          minmay_the_grid_triangle_9x9_alien,
          minmay_the_grid_triangle_9x9_pentomino_pain,
          minmay_the_grid_triangle_9x9_skeleton], layout_basic,
          minmay_misc_feat_doors, pf_hell_entry_tar_river, abyss_entry,
          infiniplex_staircase_door_maze, uniq_norris
Depths:4: evilmike_zot_entry_hall, layout_gridlike, rand_demon_pan_entry_7,
          abyss_entry, ebering_ghost_rock_garden, serial_shops, statue_bzr,
          serial_bayou_pond_c, hell_entry, nicolae_diode_quadrants
Hell
Dis:1:    nicolae_dis_metal_hellway, layout_subdivisions, nrook_loot_triangle
Dis:2:    layout_subdivisions, nicolae_hells_seeping_fissure
Dis:3:    layout_gridville
Dis:4:    layout_gridville
Dis:5:    layout_gridville, nicolae_dis_fourth_circle
Dis:6:    layout_subdivisions
Dis:7:    iron_city_of_dis [dis_mu, dis_wall_7], layout_gridville
Geh:1:    layout_gehenna_pools_triple
Geh:2:    layout_gehenna_lava_caves
Geh:3:    nicolae_geh_erupted_tower, layout_gehenna_lava_caves
Geh:4:    layout_gehenna_pools_triple
Geh:5:    layout_gehenna_pools_triple
Geh:6:    nicolae_hells_giants_party, layout_gehenna_pools_box,
          nicolae_geh_lava_lounge
Geh:7:    geh_mu
Coc:1:    layout_ice_bergs
Coc:2:    layout_ice_bergs
Coc:3:    layout_cocytus_water_paths
Coc:4:    layout_ice_bergs
Coc:5:    layout_cocytus_delve
Coc:6:    layout_ice_bergs
Coc:7:    coc_dpeg
Tar:1:    layout_grid_maze, nicolae_tar_cuneiform_not
Tar:2:    layout_catacombs
Tar:3:    nicolae_tar_honey_stairs, layout_cathedral_of_symmetry,
          nicolae_hells_leichenhalle
Tar:4:    nicolae_tar_ssshhh
Tar:5:    layout_honeycomb
Tar:6:    layout_grid_maze
Tar:7:    tar_old
Zot:1:    gammafunk_sealed_arena, layout_basic, regret_index_zotdec_misc_clamp,
          nicolae_transmutations_shop
Zot:2:    hellmonk_paralyzer, layout_gridlike
Zot:3:    layout_gridlike, regret_index_zotdec_under_construction,
          regret_index_zotdec_barnacled_simple
Zot:4:    layout_misc_corridors
Zot:5:    layout_concentric_octagons, grunt_ministairs_6

Skill      XL: |  1  2  3  4  5  6  7  8  9 10 11 12 13 14 15 16 17 18 19 20 21 22 23 24 25 26 27 |
---------------+----------------------------------------------------------------------------------+-----
Unarmed Combat | 4 5 6 7 8 10 11 12 15 16 18 19 20 21 22 23 24 25 27 | 27.0
Dodging        | 3 4 5 6 8 9 10 12 14 19 27 | 27.0
Stealth        | 4 7 21 | 21.6
Fighting       | 3 5 8 9 11 13 15 27 | 27.0
Shapeshifting  | 6 10 13 16 17 19 20 21 22 24 25 27 | 27.0
Shields        | 3 6 10 16 27 | 27.0
Spellcasting   | 4 5 12 | 12.0
Evocations     | 27 | 27.0

Action                     |  1- 3 |  4- 6 |  7- 9 | 10-12 | 13-15 | 16-18 | 19-21 | 22-24 | 25-27 || total
---------------------------+-------+-------+-------+-------+-------+-------+-------+-------+-------++-------
  Melee: Unarmed           |    56 |    90 |   191 |   536 |   643 |   800 |   970 |  1013 |  6816 || 11115
         Constrict         |    17 |    21 |    48 |    89 |    30 |       |     1 |       |   877 ||  1083
         Tentacles         |    12 |    15 |    39 |   145 |    52 |     5 |     9 |       |  2084 ||  2361
         Punch             |     3 |     7 |    19 |    55 |    56 |    78 |   113 |   131 |  1852 ||  2314
         Maw               |       |       |       |   178 |    67 |       |       |       |       ||   245
         Tailslap          |       |       |       |       |    68 |   131 |   165 |   166 |    99 ||   629
         Bite              |       |       |       |       |    65 |    83 |   137 |   125 |    54 ||   464
   Fire: Sling             |       |     5 |     9 |     4 |       |       |       |       |       ||    18
  Throw: Javelin           |       |     3 |     9 |    12 |       |       |       |       |       ||    24
         Dart              |       |       |       |    12 |    10 |     2 |     1 |       |       ||    25
         Stone             |       |       |       |    10 |       |       |       |       |       ||    10
 Invoke: Call Merchant     |       |       |       |     2 |     1 |     3 |     2 |     2 |     6 ||    16
         Potion Petition   |       |       |       |       |       |       |       |       |    24 ||    24
         Bribe Branch      |       |       |       |       |       |       |       |       |     2 ||     2
Ability: Breathe Fire      |       |       |       |       |    16 |    13 |     1 |       |       ||    30
         Begin Untransform |       |       |       |       |       |       |       |     1 |     1 ||     2
         Siphon Essence    |       |       |       |       |       |       |       |       |    44 ||    44
  Evoke: Phantom mirror    |       |       |       |       |       |       |       |       |     3 ||     3
         Wand              |       |       |       |       |       |       |       |       |     1 ||     1
    Use: Scroll            |       |     8 |     4 |    14 |    10 |     9 |     3 |     6 |    16 ||    70
         Potion            |       |       |     4 |     8 |       |       |     1 |    15 |     4 ||    32
   Stab: Sleeping          |    10 |    10 |     9 |    11 |     5 |    13 |     6 |    11 |    79 ||   154
         Distracted        |       |       |       |     4 |     5 |     5 |     7 |    19 |   114 ||   154
         Invisible         |       |       |       |       |       |       |       |     2 |    27 ||    29
 Armour: Skin              |    11 |    27 |    60 |   170 |   197 |   455 |   391 |   417 |   951 ||  2679
  Dodge: Dodged            |    23 |    40 |    90 |   370 |   440 |   602 |   831 |   659 |  1800 ||  4855
  Block: Buckler           |       |       |    28 |   103 |    37 |    16 |    16 |       |       ||   200
         Other             |       |       |       |       |    22 |   120 |   128 |   105 |    49 ||   424
         Reflection        |       |       |       |       |     4 |    11 |    10 |     3 |    58 ||    86
         Tower shield      |       |       |       |       |       |       |       |       |  4713 ||  4713
   Form: Maw               |       |       |       |     1 |       |       |       |       |       ||     1
         Dragon            |       |       |       |       |     1 |     1 |     1 |     2 |     1 ||     6
         Beast             |       |       |       |       |     1 |       |       |       |       ||     1
                           |       |       |       |       |       |     1 |       |       |       ||     1
         Statue            |       |       |       |       |       |     1 |       |       |       ||     1
         Death             |       |       |       |       |       |       |       |     1 |     4 ||     5
         Storm             |       |       |       |       |       |       |       |       |     1 ||     1
